 Dungeon Crawl Stone Soup version 0.26.1-11-gd32895ea62 (webtiles) character file.

Game seed: 17502562763425226163

142 phalm the Conjurer (level 5, 38/38 HPs)
             Began as a Demonspawn Conjurer on June 23, 2021.
             Quit the game on level 2 of the Dungeon.
             The game lasted 00:03:19 (2033 turns).

phalm the Conjurer (Demonspawn Conjurer)            Turns: 2033, Time: 00:03:20

Health: 38/38      AC:  2    Str:  8    XL:     5   Next: 3%
Magic:  2/9        EV: 12    Int: 20    God:
Gold:   115        SH:  0    Dex: 11    Spells: 6/9 levels left

rFire    . . .     SeeInvis .   m - +2 whip (elec)
rCold    + . .     Faith    .   (no shield)
rNeg     . . .     Spirit   .   a - +0 robe
rPois    .         Reflect  .   (helmet restricted)
rElec    .         Harm     .   (no cloak)
rCorr    .         Rampage  .   (no gloves)
Will     +....                  (no boots)
Stlth    ++........             (no amulet)
HPRegen  0.12/turn              C - ring of protection from cold
MPRegen  0.11/turn              f - ring of willpower

@: no status effects
A: antennae 1, talons 1
a: no special abilities


You were on level 2 of the Dungeon.
You visited 1 branch of the dungeon, and saw 2 of its levels.

You collected 115 gold pieces.


Innate Abilities, Weirdness & Mutations

You have a pair of small antennae on your head.
You have sharp toenails.


   Skills:
 + Level 2.1 Fighting
 - Level 1.7 Dodging
 - Level 1.7 Stealth
 + Level 2.9 Spellcasting
 * Level 5.3 Conjurations


You had 6 spell levels left.
You knew the following spells:

 Your Spells              Type           Power        Failure   Level
m - Magic Dart            Conj           96%          1%          1
s - Searing Ray           Conj           48%          2%          2

Your spell library contained the following spells:

 Spells                   Type           Power        Failure   Level
 Dazzling Flash           Conj/Hex       26%          14%         3
 Fulminant Prism          Conj/Hex       6%           43%         4
 Iskenderun's Mystic Bla  Conj/Tloc      13%          43%         4

Inventory:

Hand Weapons
 e - a +3 dagger
   (You took it off a goblin on level 2 of the Dungeon)
 m - a +2 whip of electrocution (weapon)
   (You took it off a kobold on level 2 of the Dungeon)
Missiles
 i - 46 stones
 o - 22 sling bullets
 r - 8 atropa-tipped darts
Armour
 a - a +0 robe (worn)
Jewellery
 f - a ring of willpower (right hand)
   (You found it on level 1 of the Dungeon)
 C - a ring of protection from cold (left hand)
   (You found it on level 1 of the Dungeon)
Scrolls
 c - 2 scrolls of noise {unknown}
 j - 3 scrolls of identify {unknown}
 k - a scroll of remove curse {unknown}
 q - a scroll of fear {unknown}
 s - a scroll of teleportation {unknown}
Potions
 b - a potion of resistance {unknown}
 d - 6 potions of curing {unknown}
 g - 4 potions of heal wounds {unknown}
 h - a potion of flight {unknown}
 l - a potion of mutation {unknown}
 n - a potion of invisibility {unknown}
 p - a potion of lignification {unknown}

Dungeon Overview and Level Annotations

Branches:
Dungeon (2/15)

Altars:
Fedhas
Sif Muna
Trog

#
####.......#.......#
# ##.....########.#
##...## #.# ##.##
#.# #.# #.# #.# #.#
#.##########.#
#............# ##
####@######### .#
#....†...# ##
#........# #
#...)....# ##
#........# ≈##
#........# ≈≈#
#........# ≈≈#
#........# ≈≈#


There were no monsters in sight!


Message History

There is an open door here.
Found a blossoming altar of Fedhas.
Found a shimmering blue altar of Sif Muna.
A hobgoblin comes into view. It is wielding a +0 club.
A hobgoblin is nearby!
Casting: Magic Dart (safe; 1% risk of failure)
Confirm with . or Enter, or press ? or * to list all spells.
Aiming: Magic Dart (safe; 1% risk of failure)
Press: ? - help, Shift-Dir - straight line, f - hobgoblin
Aim: a hobgoblin, wielding a +0 club and wearing a +0 ring mail (wandering, hasn't noticed you, 0% to evade)
The magic dart hits the hobgoblin. 😎 MP[-1]
You lost 1 mp, and now have 7/8 mp.
Casting: Magic Dart (safe; 1% risk of failure)
Confirm with . or Enter, or press ? or * to list all spells.
Aiming: Magic Dart (safe; 1% risk of failure)
Press: ? - help, Shift-Dir - straight line, f/p - hobgoblin
Aim: a hobgoblin, wielding a +0 club and wearing a +0 ring mail (moderately wounded, 0% to evade)
The magic dart hits the hobgoblin but does no damage. 😎 MP[-1]
You lost 1 mp, and now have 6/8 mp.
Casting: Magic Dart (safe; 1% risk of failure)
Confirm with . or Enter, or press ? or * to list all spells.
Aiming: Magic Dart (safe; 1% risk of failure)
Press: ? - help, Shift-Dir - straight line, f/p - hobgoblin
Aim: a hobgoblin, wielding a +0 club and wearing a +0 ring mail (0% to evade)
The magic dart hits the hobgoblin but does no damage. 😎 MP[-1]
You lost 1 mp, and now have 5/8 mp.
Casting: Magic Dart (safe; 1% risk of failure)
Confirm with . or Enter, or press ? or * to list all spells.
Aiming: Magic Dart (safe; 1% risk of failure)
Press: ? - help, Shift-Dir - straight line, f/p - hobgoblin
Aim: a hobgoblin, wielding a +0 club and wearing a +0 ring mail (0% to evade)
The magic dart hits the hobgoblin.
You kill the hobgoblin! 😎 MP[-1]
You lost 1 mp, and now have 4/8 mp.
Casting: Magic Dart (safe; 1% risk of failure)
Confirm with . or Enter, or press ? or * to list all spells.
You can't see any susceptible monsters within range! (Use Z to cast anyway.)
An adder comes into view.
There is an open door here. 😎 MP[+4]
Your mp is fully restored (8).
An adder is nearby!
Casting: Magic Dart (safe; 1% risk of failure)
Confirm with . or Enter, or press ? or * to list all spells.
Aiming: Magic Dart (safe; 1% risk of failure)
Press: ? - help, Shift-Dir - straight line, f - adder
Aim: an adder (asleep, 0% to evade)
The magic dart hits the adder.
The adder hisses angrily. 😎 MP[-1]
You lost 1 mp, and now have 7/8 mp.
Casting: Magic Dart (safe; 1% risk of failure)
Confirm with . or Enter, or press ? or * to list all spells.
Aiming: Magic Dart (safe; 1% risk of failure)
Press: ? - help, Shift-Dir - straight line, f/p - adder
Aim: an adder (lightly wounded, 0% to evade)
The magic dart hits the adder. 😎 MP[-1]
You lost 1 mp, and now have 6/8 mp.
Casting: Magic Dart (safe; 1% risk of failure)
Confirm with . or Enter, or press ? or * to list all spells.
Aiming: Magic Dart (safe; 1% risk of failure)
Press: ? - help, Shift-Dir - straight line, f/p - adder
Aim: an adder (heavily wounded, 0% to evade)
The magic dart hits the adder but does no damage. 😎 MP[-1]
You lost 1 mp, and now have 5/8 mp.
Casting: Magic Dart (safe; 1% risk of failure)
Confirm with . or Enter, or press ? or * to list all spells.
Aiming: Magic Dart (safe; 1% risk of failure)
Press: ? - help, Shift-Dir - straight line, f/p - adder
Aim: an adder (heavily wounded, 0% to evade)
The magic dart hits the adder. 😎 MP[-1]
You lost 1 mp, and now have 4/8 mp.
Casting: Magic Dart (safe; 1% risk of failure)
Confirm with . or Enter, or press ? or * to list all spells.
Aiming: Magic Dart (safe; 1% risk of failure)
Press: ? - help, Shift-Dir - straight line, f/p - adder
Aim: an adder (severely wounded, 0% to evade)
The magic dart hits the adder.
The adder barely misses you. 😎 MP[-1]
You lost 1 mp, and now have 3/8 mp.
Casting: Magic Dart (safe; 1% risk of failure)
Confirm with . or Enter, or press ? or * to list all spells.
Aiming: Magic Dart (safe; 1% risk of failure)
Press: ? - help, Shift-Dir - straight line, f/p - adder
Aim: an adder (almost dead, 0% to evade)
The magic dart hits the adder.
You kill the adder!
You have reached level 5!
Your demonic ancestry asserts itself...
A pair of antennae grows on your head! 😎 HP[+5] MP[-1]
You now have 38 max hp (+5).
Your hp is fully restored (38).
Are you sure you want to abandon this character and quit the game? (Confirm with "yes".)

Skill      XL: |  1  2  3  4 |
---------------+-------------+-----
Fighting       | 1 2 |  2.1
Conjurations   | 5 |  5.3
Dodging        | |  1.7
Stealth        | |  1.7
Spellcasting   | |  2.9

Action                   |  1- 3 |  4- 6 || total
-------------------------+-------+-------++-------
Melee: Short sword       |    10 |       ||    10
       Kick              |     2 |     2 ||     4
       Whip              |       |     9 ||     9
 Cast: Magic Dart        |    51 |    33 ||    84
       Searing Ray       |       |     2 ||     2
Armor: Robe              |     1 |     2 ||     3
Dodge: Dodged            |     9 |    10 ||    19

Levels and vault maps discovered:
D:1:      giann_bridges, layout_basic
D:2:      cheibrodos_helix_gallery, layout_basic, lemuel_round_altar,
          lemuel_round_altar, trog_butcher_becter, uniq_jessica

Notes
Turn   | Place    | Note
-------+----------+-------------------------------------------
     0 | D:1      | phalm the Demonspawn Conjurer began the quest for the Orb.
     0 | D:1      | Reached XP level 1. HP: 13/13 MP: 3/3
     0 | D:1      | magus.rc [v1.9.10]
   202 | D:1      | You feel monstrous as your demonic heritage exerts itself.
   202 | D:1      | Gained mutation: You have sharp toenails. [demonic
                  | ancestry]
   202 | D:1      | Reached XP level 2. HP: 20/20 MP: 0/5
   493 | D:1      | Reached skill level 1 in Fighting
  1028 | D:2      | Reached XP level 3. HP: 26/26 MP: 2/6
  1119 | D:2      | Noticed Jessica
  1126 | D:2      | Learned a level 2 spell: Searing Ray
  1151 | D:2      | Killed Jessica
  1152 | D:2      | Reached XP level 4. HP: 32/32 MP: 3/7
  1234 | D:2      | Reached skill level 5 in Conjurations
  1422 | D:2      | Found a bloodstained altar of Trog.
  1430 | D:2      | Reached skill level 2 in Fighting
  1878 | D:2      | Found a blossoming altar of Fedhas.
  1916 | D:2      | Found a shimmering blue altar of Sif Muna.
  2033 | D:2      | Gained mutation: You have a pair of small antennae on your
                  | head. [demonic ancestry]
  2033 | D:2      | Reached XP level 5. HP: 38/38 MP: 2/9
  2033 | D:2      | Quit the game

Vanquished Creatures
  Jessica (D:2)
  3 gnolls (D:2)
  4 adders (D:2)
  An ooze (D:2)
  2 dart slugs
  2 leopard geckos
  An orc (D:2)
  2 bats
  2 giant cockroaches
  5 goblins
  5 hobgoblins
  5 jackals
  2 kobolds
  A ball python (D:1)
  2 frilled lizards (D:2)
  5 rats
43 creatures vanquished.

Table legend:
 A = Non-vault XP
 B = Vault XP
 C = Vault XP percentage of total XP
 D = Non-vault monster count
 E = Vault monster count
 F = Vault count percentage of total count
                 A         B        C        D         E       F
            +---------+---------+-------+---------+---------+-------
      Total |     157 |      46 |  22.7 |      36 |       7 |  16.3
            +---------+---------+-------+---------+---------+-------
        D:1 |      36 |       0 |   0.0 |      18 |       0 |   0.0
        D:2 |     121 |      46 |  27.5 |      18 |       7 |  28.0
            +---------+---------+-------+---------+---------+-------

Illustrated notes

Table legend:
 A = Kills in this place as a percentage of kills in entire the game.
 B = Kills by you in this place as a percentage of kills by you in the entire game.
 C = Kills by friends in this place as a percentage of kills by friends in the entire game.
 D = Other kills in this place as a percentage of other kills in the entire game.
 E = Experience gained in this place as a percentage of experience gained in the entire game.
 F = Experience gained in this place divided by the number of levels of this place that you have seen.
                   A       B       C       D       E      F
               +-------+-------+-------+-------+-------+----------------------
         Total | 100.0 | 100.0 |   N/A |   N/A | 100.0 | 101.5
       Dungeon | 100.0 | 100.0 |   N/A |   N/A | 100.0 | 101.5
               +-------+-------+-------+-------+-------+----------------------

Table legend: (Time is in decaauts)
 A = Elapsed time spent in this place.
 B = Non-inter-level travel time spent in this place.
 C = Inter-level travel time spent in this place.
 D = Time resting spent in this place.
 E = Time spent auto-exploring this place.
 F = Levels seen in this place.
 G = Mean time per level.
                   A        B        C        D        E       F      G
               +--------+--------+--------+--------+--------+-----+--------+
         Total |   2038 |   2022 |     16 |      0 |   1749 |   2 | 1019.0 |
       Dungeon |   2038 |   2022 |     16 |      0 |   1749 |   2 | 1019.0 |
               +--------+--------+--------+--------+--------+-----+--------+

Top non-repeatable levels by time:
     D:2: 1023 daAuts
     D:1: 1015 daAuts
